cohdb
Replays
Latest Replays
All Replays
Popular Replays
Top Player Replays
Match Explorer
How It Works
Community
CoH3 Stats
Reddit
Sign in to upload your games and track your stats! →
Sign in with Steam
Match 40776455
Unlisted
Match 40776455
Overview
Messages
Build Orders
End
Selects Airborne Battlegroup
Selects Heavy Machine Gun Paradrop
Heavy Machine Gun Paradrop
Construct Weapon Support Center
Bazooka Squad
Heavy Machine Gun Paradrop
Bazooka Squad
Heavy Machine Gun Paradrop
Selects Paratrooper Squad Paradrop
Air Support Center
Construct Medical Station
Paratrooper Squad Paradrop
Grasshopper Recon Run
Grasshopper Recon Run
Construct Tank Depot
Paratrooper Squad Paradrop
Selects Anti-tank Gun Team Paradrop
Anti-tank Gun Team Paradrop
Grasshopper Recon Run
蚊子轻轻
CPU - VERY EASY
KOR_NONMON
HanHan™
KIMCHIMAN
Worfleid
0
0
Comments
sign in to comment!
No comments posted yet!